[ AOE2 MATCH · #506020592 ]
UnrankedSlavs vs Mongols
Player's team · LOSS
Rival team · WIN
[ REPLAY ANALYSIS · EXTRACTED FROM THE RECORDED GAME ]
Feudal
9:08
Castle
25:32
Imperial
—
| APM avg | 27.5 |
| APM peak | 52 |
| eAPM avg | 14.3 |
| Villagers / military | 98 / 110 |
Focus
⚔️ 33.2% · 🌾 66.8%
Skirmisher ×37 · Spearman ×32 · Archer ×18 · Boyar ×12 · Militia ×7 · Monk ×4
Feudal
8:23
Castle
21:05
Imperial
36:35
| APM avg | 46.6 |
| APM peak | 90 |
| eAPM avg | 25.1 |
| Villagers / military | 112 / 110 |
Focus
⚔️ 33.4% · 🌾 66.6%
Scout Cavalry ×56 · Mangudai ×20 · Mangonel ×7 · Battering Ram ×7 · Skirmisher ×5 · Trebuchet (Packed) ×5
Match map
Initial resources + every placement click. Lines = walls · curves = elevation contours. ◆ gold · ⬟ stone · ● berries · ✦ relic · ◌ wall gap
Your base· Open — unwalled flank
HellionBlue's base· Open — 5t gap
Smoothed initial terrain · ◌ = detected wall gap · hover for details
Inputs per minute
— Kinait - - HellionBlue
Build order — Kinait
First 150 of 317 actions detected
| 0:01 | Queue | Villager (Male) |
| 0:01 | Queue | Villager (Male) |
| 0:01 | Queue | Villager (Male) |
| 0:03 | Build | House |
| 0:04 | Build | House |
| 0:06 | Queue | Villager (Male) |
| 1:26 | Queue | Villager (Male) |
| 1:50 | Build | Lumber Camp |
| 1:53 | Queue | Villager (Male) |
| 2:11 | Build | House |
| 2:24 | Queue | Villager (Male) |
| 2:52 | Queue | Villager (Male) |
| 2:53 | Queue | Villager (Male) |
| 3:38 | Queue | Villager (Male) |
| 3:48 | Queue | Villager (Male) |
| 4:03 | Queue | Villager (Male) |
| 4:17 | Build | Mill |
| 4:29 | Queue | Villager (Male) |
| 4:45 | Queue | Villager (Male) |
| 4:57 | Queue | Villager (Male) |
| 5:51 | Queue | Villager (Male) |
| 5:59 | Research | Loom |
| 6:28 | Build | Barracks |
| 6:58 | Research | Feudal Age |
| 8:09 | Queue | Militia |
| 8:09 | Queue | Militia |
| 8:19 | Build | Mining Camp |
| 8:25 | Queue | Militia |
| 9:05 | Queue | Militia |
| 9:08 | Age | Feudal Age |
| 9:33 | Queue | Militia |
| 9:36 | Queue | Villager (Male) |
| 9:45 | Queue | Villager (Male) |
| 10:11 | Build | House |
| 10:14 | Queue | Villager (Male) |
| 10:29 | Queue | Spearman |
| 10:30 | Queue | Militia |
| 10:31 | Queue | Villager (Male) |
| 10:52 | Queue | Villager (Male) |
| 11:01 | Build | Palisade Wall |
| 11:06 | Queue | Villager (Male) |
| 11:09 | Build | Mining Camp |
| 11:20 | Queue | Militia |
| 11:33 | Queue | Villager (Male) |
| 11:40 | Build | Watch Tower |
| 11:47 | Research | Man-at-Arms (upgrade) |
| 11:47 | Research | Man-at-Arms (upgrade) |
| 12:08 | Queue | Spearman |
| 12:15 | Queue | Villager (Male) |
| 12:19 | Build | House |
| 12:21 | Build | House |
| 12:46 | Queue | Villager (Male) |
| 12:53 | Build | Palisade Wall |
| 13:11 | Build | Palisade Wall |
| 13:34 | Build | Watch Tower |
| 13:39 | Queue | Villager (Male) |
| 13:47 | Build | Palisade Wall |
| 14:07 | Queue | Spearman |
| 14:13 | Queue | Villager (Male) |
| 14:19 | Build | Palisade Wall |
| 14:49 | Build | Farm |
| 14:51 | Build | Farm |
| 14:51 | Build | Farm |
| 14:53 | Build | Farm |
| 15:03 | Build | Farm |
| 15:18 | Build | Blacksmith |
| 15:23 | Build | Palisade Wall |
| 15:25 | Build | Palisade Wall |
| 15:42 | Build | Watch Tower |
| 15:43 | Queue | Villager (Male) |
| 16:07 | Build | Farm |
| 16:09 | Build | Farm |
| 16:30 | Queue | Villager (Male) |
| 16:33 | Build | Farm |
| 16:45 | Queue | Villager (Male) |
| 17:01 | Build | Archery Range |
| 17:04 | Queue | Villager (Male) |
| 17:23 | Build | Watch Tower |
| 17:31 | Queue | Villager (Male) |
| 17:32 | Queue | Spearman |
| 17:40 | Queue | Archer |
| 17:41 | Queue | Archer |
| 17:46 | Queue | Villager (Male) |
| 18:08 | Build | Farm |
| 18:09 | Queue | Villager (Male) |
| 18:20 | Build | Farm |
| 18:22 | Queue | Villager (Male) |
| 18:26 | Queue | Archer |
| 18:44 | Queue | Archer |
| 18:47 | Queue | Villager (Male) |
| 18:52 | Research | Fletching |
| 18:54 | Build | Farm |
| 19:29 | Build | House |
| 19:30 | Build | House |
| 19:34 | Build | Lumber Camp |
| 19:49 | Build | Watch Tower |
| 19:50 | Queue | Archer |
| 19:52 | Queue | Villager (Male) |
| 20:04 | Build | Palisade Wall |
| 20:19 | Queue | Archer |
| 20:31 | Queue | Villager (Male) |
| 20:33 | Build | Farm |
| 20:48 | Queue | Villager (Male) |
| 20:56 | Build | Watch Tower |
| 21:04 | Queue | Archer |
| 21:07 | Queue | Villager (Male) |
| 21:23 | Build | Palisade Wall |
| 21:40 | Build | Market |
| 21:44 | Queue | Archer |
| 21:46 | Queue | Villager (Male) |
| 22:05 | Build | House |
| 22:26 | Queue | Archer |
| 22:41 | Build | Farm |
| 22:51 | Build | Palisade Wall |
| 22:52 | Research | Castle Age |
| 23:01 | Queue | Archer |
| 23:20 | Queue | Villager (Male) |
| 23:35 | Build | Mining Camp |
| 24:08 | Research | Stone Mining |
| 24:21 | Research | Double-Bit Axe |
| 24:45 | Build | Watch Tower |
| 24:54 | Research | Horse Collar |
| 25:29 | Research | Gold Mining |
| 25:32 | Age | Castle Age |
| 25:37 | Queue | Villager (Male) |
| 25:46 | Research | Bodkin Arrow |
| 25:59 | Build | House |
| 26:01 | Build | House |
| 26:04 | Build | House |
| 26:07 | Build | Palisade Wall |
| 26:15 | Queue | Villager (Male) |
| 26:25 | Queue | Villager (Male) |
| 26:28 | Queue | Spearman |
| 26:54 | Queue | Spearman |
| 26:56 | Research | Scale Mail Armor |
| 27:31 | Build | Monastery |
| 27:32 | Queue | Villager (Male) |
| 27:46 | Queue | Spearman |
| 28:16 | Queue | Villager (Male) |
| 28:22 | Research | Chain Mail Armor |
| 28:24 | Build | Farm |
| 28:27 | Build | House |
| 28:29 | Build | House |
| 28:33 | Queue | Villager (Male) |
| 28:36 | Build | House |
| 28:59 | Queue | Monk |
| 29:07 | Queue | Villager (Male) |
| 29:19 | Build | Palisade Wall |
| 29:24 | Build | Palisade Wall |
| 29:43 | Build | Castle |
Build order — HellionBlue
First 150 of 362 actions detected
| 0:00 | Queue | Villager (Male) |
| 0:01 | Queue | Villager (Male) |
| 0:02 | Build | House |
| 0:02 | Queue | Villager (Male) |
| 0:03 | Queue | Villager (Male) |
| 0:03 | Queue | Villager (Male) |
| 0:04 | Build | House |
| 1:36 | Queue | Villager (Male) |
| 1:36 | Queue | Villager (Male) |
| 1:57 | Queue | Villager (Male) |
| 2:30 | Queue | Villager (Male) |
| 2:31 | Queue | Villager (Male) |
| 2:31 | Queue | Villager (Male) |
| 2:38 | Queue | Villager (Male) |
| 2:39 | Queue | Villager (Male) |
| 3:01 | Build | House |
| 3:13 | Queue | Villager (Male) |
| 3:13 | Queue | Villager (Male) |
| 3:14 | Queue | Villager (Male) |
| 4:02 | Queue | Villager (Male) |
| 4:14 | Build | Lumber Camp |
| 4:20 | Queue | Villager (Male) |
| 5:35 | Build | Mill |
| 6:13 | Research | Feudal Age |
| 6:13 | Research | Feudal Age |
| 6:26 | Build | House |
| 6:40 | Research | Loom |
| 7:17 | Build | Barracks |
| 8:23 | Age | Feudal Age |
| 8:25 | Build | Stable |
| 8:36 | Research | Double-Bit Axe |
| 8:38 | Queue | Villager (Male) |
| 8:45 | Queue | Villager (Male) |
| 8:54 | Build | House |
| 9:01 | Queue | Villager (Male) |
| 9:09 | Queue | Scout Cavalry |
| 9:09 | Queue | Scout Cavalry |
| 9:14 | Queue | Scout Cavalry |
| 9:33 | Build | Palisade Wall |
| 9:56 | Build | Archery Range |
| 10:22 | Queue | Villager (Male) |
| 10:23 | Queue | Villager (Male) |
| 10:23 | Queue | Villager (Male) |
| 10:38 | Queue | Villager (Male) |
| 10:55 | Queue | Archer |
| 10:57 | Build | Palisade Gate |
| 11:02 | Queue | Villager (Male) |
| 11:03 | Queue | Villager (Male) |
| 11:18 | Build | Blacksmith |
| 11:33 | Queue | Skirmisher ×3 |
| 11:36 | Build | Farm |
| 11:40 | Build | House |
| 12:13 | Build | Mining Camp |
| 12:21 | Queue | Villager (Male) |
| 12:40 | Build | House |
| 12:45 | Build | Farm |
| 12:45 | Build | Farm |
| 12:45 | Build | Farm |
| 12:45 | Build | Farm |
| 13:01 | Queue | Villager (Male) |
| 13:02 | Queue | Villager (Male) |
| 13:03 | Queue | Villager (Male) |
| 13:07 | Queue | Skirmisher |
| 13:08 | Queue | Skirmisher |
| 13:21 | Build | Lumber Camp |
| 13:22 | Queue | Villager (Male) |
| 13:22 | Queue | Villager (Male) |
| 14:19 | Queue | Villager (Male) |
| 14:19 | Queue | Villager (Male) |
| 14:24 | Queue | Villager (Male) |
| 14:27 | Build | Farm |
| 14:27 | Build | Farm |
| 14:27 | Build | Farm |
| 14:29 | Build | House |
| 14:30 | Build | House |
| 14:43 | Queue | Villager (Male) |
| 15:02 | Queue | Archer |
| 15:05 | Queue | Villager (Male) |
| 15:07 | Build | Farm |
| 15:30 | Build | Mill |
| 15:31 | Build | Farm |
| 15:31 | Build | Farm |
| 15:31 | Build | Farm |
| 15:31 | Build | Farm |
| 15:32 | Build | Farm |
| 15:32 | Build | Farm |
| 16:26 | Queue | Villager (Male) |
| 16:36 | Build | House |
| 16:38 | Build | Farm |
| 16:38 | Build | Farm |
| 16:38 | Build | Farm |
| 16:39 | Build | Farm |
| 16:39 | Build | Farm |
| 16:56 | Queue | Villager (Male) |
| 16:59 | Build | House |
| 17:30 | Build | Farm |
| 17:30 | Build | Farm |
| 17:31 | Build | Farm |
| 17:31 | Build | Farm |
| 18:09 | Build | Palisade Gate |
| 18:11 | Build | Palisade Wall |
| 18:25 | Research | Castle Age |
| 18:33 | Build | Mining Camp |
| 19:05 | Queue | Scout Cavalry |
| 19:05 | Queue | Scout Cavalry |
| 19:21 | Build | Blacksmith |
| 19:23 | Build | House |
| 19:24 | Build | House |
| 19:32 | Research | Town Watch |
| 19:32 | Queue | Villager (Male) |
| 19:45 | Research | Stone Mining |
| 19:51 | Queue | Scout Cavalry |
| 19:54 | Queue | Archer |
| 19:54 | Queue | Archer |
| 20:38 | Research | Fletching |
| 20:39 | Research | Fletching |
| 20:56 | Build | Market |
| 21:04 | Queue | Scout Cavalry |
| 21:05 | Age | Castle Age |
| 21:08 | Queue | Villager (Male) |
| 21:34 | Research | Light Cavalry (upgrade) |
| 21:34 | Research | Light Cavalry (upgrade) |
| 22:15 | Build | Siege Workshop |
| 22:23 | Queue | Villager (Male) |
| 22:24 | Queue | Villager (Male) |
| 22:24 | Queue | Villager (Male) |
| 22:24 | Queue | Villager (Male) |
| 22:24 | Queue | Villager (Male) |
| 22:28 | Research | Wheelbarrow |
| 22:28 | Queue | Villager (Male) |
| 22:59 | Build | Castle |
| 23:13 | Research | Scale Barding Armor |
| 23:21 | Queue | Mangonel |
| 23:24 | Queue | Battering Ram |
| 23:31 | Build | Farm |
| 23:32 | Build | Farm |
| 23:33 | Build | Farm |
| 23:33 | Build | Farm |
| 23:44 | Queue | Villager (Male) |
| 23:45 | Queue | Villager (Male) |
| 24:08 | Queue | Scout Cavalry |
| 24:09 | Queue | Scout Cavalry |
| 24:09 | Queue | Scout Cavalry |
| 24:13 | Queue | Scout Cavalry |
| 24:13 | Queue | Scout Cavalry |
| 24:21 | Queue | Villager (Male) |
| 24:35 | Build | Town Center |
| 24:38 | Queue | Villager (Male) |
| 25:27 | Research | Bodkin Arrow |
| 25:28 | Queue | Villager (Male) |
Match timeline
| 6:28 | Kinait · first_building Barracks |
| 7:17 | HellionBlue · first_building Barracks |
| 8:23 | HellionBlue · age_up feudal |
| 8:25 | HellionBlue · first_building Stable |
| 9:08 | Kinait · age_up feudal |
| 9:33 | HellionBlue · wall_segment Palisade Wall x7 |
| 9:56 | HellionBlue · first_building Archery Range |
| 11:01 | Kinait · wall_segment Palisade Wall x2 |
| 12:53 | Kinait · wall_segment Palisade Wall x4 |
| 13:11 | Kinait · wall_segment Palisade Wall x2 |
| 13:47 | Kinait · wall_segment Palisade Wall x1 |
| 14:19 | Kinait · wall_segment Palisade Wall x1 |
| 15:23 | Kinait · wall_segment Palisade Wall x2 |
| 15:25 | Kinait · wall_segment Palisade Wall x1 |
| 17:01 | Kinait · first_building Archery Range |
| 18:11 | HellionBlue · wall_segment Palisade Wall x1 |
| 20:04 | Kinait · wall_segment Palisade Wall x6 |
| 21:05 | HellionBlue · age_up castle |
| 21:23 | Kinait · wall_segment Palisade Wall x5 |
| 22:15 | HellionBlue · first_building Siege Workshop |
| 22:33 | HellionBlue · first_market_sell 100 food |
| 22:35 | HellionBlue · first_market_buy 100 stone |
| 22:51 | Kinait · wall_segment Palisade Wall x7 |
| 22:59 | HellionBlue · first_building Castle |
| 25:32 | Kinait · age_up castle |
| 26:07 | Kinait · wall_segment Palisade Wall x1 |
| 27:31 | Kinait · first_building Monastery |
| 27:38 | HellionBlue · wall_segment Palisade Wall x6 |
| 29:19 | Kinait · wall_segment Palisade Wall x3 |
| 29:24 | Kinait · wall_segment Palisade Wall x2 |
| 29:37 | Kinait · first_market_buy 100 stone |
| 29:38 | HellionBlue · first_building Monastery |
| 29:43 | Kinait · first_building Castle |
| 35:46 | HellionBlue · wall_segment Stone Wall x9 |
| 35:49 | HellionBlue · wall_segment Stone Wall x18 |
| 36:06 | HellionBlue · wall_segment Stone Wall x2 |
| 36:07 | HellionBlue · wall_segment Stone Wall x9 |
| 36:31 | HellionBlue · wall_segment Stone Wall x7 |
| 36:35 | HellionBlue · age_up imperial |
| 42:57 | Kinait · first_building Stable |
| 46:48 | Kinait · resign |
[ AI ANALYSIS · 1 CREDIT ]
What really happened in this match?
Wolo.gg analyzes every decision: build order, eco, micro, common mistakes by bracket. Personalized analysis on WhatsApp or Discord in 30 seconds.
Civ guide
Slavs
Perfil
Kinait